 Dungeon Crawl Stone Soup version 0.31-a0-1074-g0b22e4e0f1 (webtiles) character file.

Game seed: 11445968848731682889

149 grandjackal the Trooper (level 5, 0/54 HPs)
             Began as an Ogre Warper on Nov 29, 2023.
             Succumbed to a scorpion's poison
             ... on level 5 of the Dungeon.
             The game lasted 00:05:15 (3200 turns).

grandjackal the Trooper (Ogre Warper)               Turns: 3200, Time: 00:05:15

Health: 0/54       AC:  3    Str: 13 (15) XL:     5   Next: 31%
Magic:  1/10       EV:  9    Int: 14 (16) God:
Gold:   212        SH:  0    Dex:  7 (8)  Spells: 2/11 levels left

rFire   . . .        a - +0 mace
rCold   . . .        g - orb {*Rage}
rNeg    . . .        b - +0 robe
rPois   .            (helmet restricted)
rElec   .            (no cloak)
rCorr   .            (gloves unavailable)
SInv    .            (boots unavailable)
Will    .....        (no amulet)
Stlth   +            (no ring)
HPRegen 0.29/turn    (no ring)
MPRegen 0.12/turn

%: random rage (20%)
@: lethally poisoned (0 -> -8)
A: large, unfitting armour, tough skin 1
a: no special abilities


You were on level 5 of the Dungeon.
You visited 1 branch of the dungeon, and saw 5 of its levels.

You collected 212 gold pieces.

Inventory:

Hand Weapons
 a - a +0 mace (weapon)
Missiles
 d - 7 darts of dispersal (quivered)
 o - 7 poisoned darts
Armour
 b - a +0 robe (worn)
 g - an orb of wrath (worn)
Scrolls
 c - a scroll of blinking
 e - 2 scrolls of poison {unknown}
 h - a scroll of enchant armour {unknown}
 i - 8 scrolls of identify {unknown}
 j - a scroll of silence {unknown}
 l - 2 scrolls of revelation {unknown}
 n - a scroll of fog {unknown}
 p - a scroll of acquirement {unknown}
 s - a scroll of immolation {unknown}
 u - a scroll of teleportation {unknown}
Potions
 k - a potion of attraction {unknown}
 m - a potion of heal wounds {unknown}
 q - a potion of mutation {unknown}
 r - a potion of curing {unknown}
 t - a potion of lignification {unknown}
 v - a potion of might {unknown}


   Skills:
 + Level 4.0 Fighting
 + Level 2.7 Maces & Flails
 - Level 1.0 Throwing
 - Level 2.1 Dodging
 + Level 3.5 Spellcasting
 + Level 3.4 Translocations
 + Level 1.1 Air Magic


You had 2 spell levels left.
You knew the following spells:

 Your Spells              Type           Power      Damage    Failure   Level
a - Blink                 Tloc           24%        N/A       8%          2
b - Shock                 Conj/Air       16%        1d4       16%         1
c - Poisonous Vapours     Pois/Air       8%         N/A       24%         2
d - Manifold Assault      Tloc           12%        N/A       45%         4

Your spell library contained the following spells:

 Spells                   Type           Power      Damage    Failure   Level
 Lesser Beckoning         Tloc           24%        N/A       8%          2
 Magic Dart               Conj           8%         1d3       21%         1
 Sting                    Tmut/Pois      8%         1d3       21%         1
 Searing Ray              Conj           4%         2d4       30%         2
 Teleport Other           Tloc           12%        N/A       16%         3
 Swiftness                Air            5%         N/A       36%         3
 Vhi's Electric Charge    Tloc/Air       16%        N/A       61%         4
 Airstrike                Air            2%         2d(1-17)  77%         4
 Fulminant Prism          Conj/Hex       1%         3d5       90%         4
 Olgreb's Toxic Radiance  Pois           2%         N/A       90%         4


Dungeon Overview and Level Annotations

Branches:
Dungeon (5/15)
 Temple: D:4-7

Altars:

Shops:
D:3 =


Innate Abilities, Weirdness & Mutations

You are too large for most types of armour.
You have tough skin. (AC +1)


Message History

A scorpion is nearby!
Casting: Poisonous Vapours (safe; 22% risk of failure)
Confirm with . or Enter, or press ? or * to list all spells.
Aiming: Poisonous Vapours (safe; 22% risk of failure)
Press: ? - help, Dir - move target, f - scorpion
Aim: a scorpion You miscast Poisonous Vapours.
You are very lightly contaminated with residual magic.
Nothing appears to happen.
Unknown command.
Casting: Poisonous Vapours (safe; 22% risk of failure)
Confirm with . or Enter, or press ? or * to list all spells.
Aiming: Poisonous Vapours (safe; 22% risk of failure)
Press: ? - help, Dir - move target, f/p - scorpion
Aim: a scorpion Poisonous vapours surround the scorpion!
The scorpion is poisoned.
Unknown command.
v - a puce potion The scorpion looks more healthy.
The scorpion attacks as it pursues you! The scorpion misses you.
The scorpion attacks as it pursues you! The scorpion closely misses you.
You see here a cyan potion.
You hit the scorpion.
The scorpion is severely wounded.
The scorpion stings you.
* * * LOW HITPOINT WARNING * * *
You hit the scorpion.
The scorpion is severely wounded.
The scorpion stings you.
* * * LOW HITPOINT WARNING * * *
The scorpion stings you.
* * * LOW HITPOINT WARNING * * *
You are lethally poisoned!
The scorpion poisons you!
Your magical contamination has completely faded away.
It was a potion of degeneration.
There was something very wrong with that liquid.
You feel weakened.
You feel dopey.
You feel clumsy.
You die...

# ########
#.##...s@.#
#..<.###..#
#....# #.##
....##..##.#
..#.##
##s...# #
..### ..#
... ##.


You could see a scorpion.

Vanquished Creatures
  A sleepcap (D:4)
  An iguana (D:3)
  3 adders (D:2)
  A dart slug (D:1)
  5 bats
  8 endoplasms
  3 giant cockroaches (D:1)
  7 goblins
  4 hobgoblins
  8 jackals (D:1)
  2 quokkas
  8 ball pythons
  5 frilled lizards
  7 kobolds
  4 rats
67 creatures vanquished.

Notes
Turn   | Place    | Note
-------+----------+-------------------------------------------
     0 | D:1      | grandjackal the Ogre Warper began the quest for the Orb.
     0 | D:1      | Reached XP level 1. HP: 22/22 MP: 3/3
   115 | D:1      | Reached XP level 2. HP: 28/29 MP: 5/5
   120 | D:1      | Reached skill level 3 in Fighting
   478 | D:1      | Reached XP level 3. HP: 37/37 MP: 7/7
   524 | D:1      | Learned a level 2 spell: Blink
   639 | D:1      | Found a faded altar of an unknown god.
  1131 | D:1      | Learned a level 1 spell: Shock
  1267 | D:2      | Reached XP level 4. HP: 39/45 MP: 8/8
  2278 | D:3      | Reached skill level 1 in Air Magic
  2584 | D:3      | Reached XP level 5. HP: 54/54 MP: 10/10
  2631 | D:3      | Found Qodigg's Jewellery Boutique.
  2999 | D:3      | Learned a level 2 spell: Poisonous Vapours
  3004 | D:3      | Learned a level 4 spell: Manifold Assault
  3044 | D:4      | Reached skill level 4 in Fighting
  3189 | D:5      | Entered Level 5 of the Dungeon
  3199 | D:5      | HP: 2/54 [scorpion (5)]
  3200 | D:5      | Succumbed to a scorpion's poison

Illustrated notes

Levels and vault maps discovered:
D:1:      dpeg_arrival_erosion, layout_basic, serial_forest,
          infiniplex_forest_straight_4, infiniplex_forest_clump_tiny,
          infiniplex_forest_clump_curved, infiniplex_forest_end_1,
          infiniplex_forest_end_1, infiniplex_forest_corner_1,
          hellmonk_ecumenical_altar_dog_temple, st_stairs_10
D:2:      layout_basic, corexii_hall_statues_x
D:3:      minmay_recursive_quarters, layout_loops_ring, serial_shops, shop
D:4:      layout_basic, led_sif_book, serial_bayou, serial_bayou_pond_c,
          serial_bayou_lagoon_a, serial_bayou_lagoon_b, serial_bayou_ford_a
D:5:      layout_rooms, chequers_temple_overflow_statue_of_worship,
          kennysheep_generic_room_5

Skill      XL: |  1  2  3  4  5 |
---------------+----------------+-----
Maces & Flails | 2 |  2.7
Fighting       | 3 4 |  4.0
Translocations | 3 |  3.4
Spellcasting   | 3 |  3.5
Air Magic      | 1 |  1.1
Throwing       | |  1.0
Dodging        | |  2.1

Action                     |  1- 3 |  4- 6 || total
---------------------------+-------+-------++-------
  Melee: Mace              |   122 |    87 ||   209
   Cast: Shock             |       |     5 ||     5
         Poisonous Vapours |       |     4 ||     4
    Use: Potion            |       |     1 ||     1
 Armour: Robe              |   113 |    67 ||   180
  Dodge: Dodged            |    83 |    40 ||   123

Table legend: (Time is in decaauts)
 A = Elapsed time spent in this place.
 B = Non-inter-level travel time spent in this place.
 C = Inter-level travel time spent in this place.
 D = Time resting spent in this place.
 E = Time spent auto-exploring this place.
 F = Levels seen in this place.
 G = Mean time per level.
                   A        B        C        D        E       F      G
               +--------+--------+--------+--------+--------+-----+--------+
         Total |   3484 |   3428 |     56 |   1045 |   1815 |   5 |  696.8 |
       Dungeon |   3484 |   3428 |     56 |   1045 |   1815 |   5 |  696.8 |
               +--------+--------+--------+--------+--------+-----+--------+

Top non-repeatable levels by time:
     D:1: 1259 daAuts
     D:2: 1137 daAuts
     D:3: 885 daAuts
     D:4: 191 daAuts
     D:5: 11 daAuts
